 Dungeon Crawl Stone Soup version 0.11.0-9-gb634444 (webtiles) character file.

73 swiechu the Skirmisher (level 2, -11/18 (22) HPs)
             Began as a Demonspawn Chaos Knight on Feb 4, 2013.
             Was a Plaything of Xom.
             Mangled by Threbb the merfolk
             ... wielding a +0,+0 trident of freezing
             ... created by the player character
              (14 damage)
             ... on Level 2 of the Dungeon.
             The game lasted 00:02:00 (875 turns).

swiechu the Skirmisher (Demonspawn Chaos Knight)     Turns: 875, Time: 00:02:01

HP -11/18 (22)   AC  8     Str 12      XL: 2   Next: 10%
MP   2/2         EV  8     Int 13      God: Xom
Gold 62          SH  0     Dex  8 (12) Spells:  0 memorised,  1 level left

Res.Fire  : . . .   See Invis. : .   a - +2 short sword
Res.Cold  : . . .   Warding    : .   q - +0 scale mail
Life Prot.: . . .   Conserve   : .   (no shield)
Res.Poison: .       Res.Corr.  : .   (no helmet)
Res.Elec. : .       Clarity    : .   (no cloak)
Sust.Abil.: . .     Spirit.Shd : .   (no gloves)
Res.Mut.  : .       Stasis     : .   (no boots)
Res.Rott. : .       Ctrl.Telep.: .   (no amulet)
Saprovore : + . .   Levitation : .   (no ring) Ctrl.Flight: .
                                     (no ring)

@: rotting, not resistant to hostile enchantments, extremely unstealthy
A: saprovore 1, AC +2
a: Renounce Religion


You were on level 2 of the Dungeon.
You worshipped Xom.
You were a favourite toy of Xom.
You were not hungry.

You visited 1 branch of the dungeon, and saw 2 of its levels.

You collected 42 gold pieces.

Inventory:

Hand weapons
 a - a +2,+2 short sword (weapon)
 n - a +0,+0 dwarven short sword
Armour
 b - a +2 leather armour
 q - a +0 scale mail (worn)
Comestibles
 c - a bread ration
 d - 2 apples
 f - a pear
Scrolls
 e - 2 scrolls of noise {unknown}
 g - a scroll of blinking {unknown}
 h - 4 scrolls of teleportation {unknown}
 i - a scroll of magic mapping {unknown}
 j - 2 scrolls of enchant weapon II {unknown}
 k - a scroll of fear {unknown}
 l - 2 scrolls of random uselessness {unknown}
 p - a scroll of remove curse {unknown}
Potions
 o - a potion of resistance {unknown}
Miscellaneous
 m - a plain deck of changes {drawn: 5}


   Skills:
 + Level 3,2 Fighting
 - Level 2,6 Short Blades
 + Level 2,1 Armour
 + Level 1,2 Dodging


You had one spell level left.
You didn't know any spells.

Dungeon Overview and Level Annotations

Branches:
Dungeon (2/27)

Altars:
Nemelex Xobeh
Sif Muna
Xom


Innate Abilities, Weirdness & Mutations

You are partially covered in rugged brown scales (AC +2, +3% HP).
You can tolerate rotten meat.


Message History

[Y]es or [N]o only, please.
Really attack while wielding your plain deck of changes {drawn: 5}?
a - a +2,+2 short sword (weapon)
You feel your flesh rotting away.
You barely miss Threbb. Threbb hits you with a glowing trident!
Threbb freezes you.
You hit Threbb.
Threbb is lightly wounded.
Threbb hits you with a trident of freezing.
* * * LOW HITPOINT WARNING * * *
Threbb freezes you.
* * * LOW HITPOINT WARNING * * *
You hit Threbb but do no damage.
Threbb is lightly wounded.
You feel your flesh rotting away.
* * * LOW HITPOINT WARNING * * *
Threbb hits you with a trident of freezing!
Ouch! That really hurt!
You die...
Xom snickers!

+.........#
#.........#
#.........#
#.......<.#
#.........#
#.........#
#.........#
#..m......#
#.@<_.....#
#.._......#
########..#
##.# ...#
...# ....#
....#
.....#


You could see Threbb the merfolk.

Vanquished Creatures
  2 bats (D:1)
  2 hobgoblins (D:1)
  3 kobolds
  An ant larva (D:2)
  2 rats (D:1)
10 creatures vanquished.

Notes
Turn   | Place    | Note
--------------------------------------------------------------
     0 | D:1      | swiechu, the Demonspawn Chaos Knight, began the quest for the Orb.
     0 | D:1      | Reached XP level 1. HP: 16/16 MP: 1/1
    30 | D:1      | Reached skill level 1 in Dodging
   253 | D:1      | Paralysed by a potion of paralysis for 5 turns
   564 | D:1      | XOM: miscast effect
   683 | D:1      | Gained mutation: You are partially covered in rugged brown scales (AC +2, +3% HP). [demonic ancestry]
   683 | D:1      | Gained mutation: You can tolerate rotten meat. [demonic ancestry]
   683 | D:1      | Reached XP level 2. HP: 14/22 MP: 2/2
   725 | D:1      | Found a sparkling altar of Nemelex Xobeh.
   815 | D:2      | XOM: polymorph adder -> ant larva
   862 | D:2      | XOM: miscast effect
   871 | D:2      | Noticed Threbb
   875 | D:2      | Mangled by Threbb the merfolk
